% Time on Ice - PORTLAND PIRATES
Lines # - Real PCT - Wanted PCT - Time Play
Normal Forward
1 - 34% - 33% - 16:05
2 - 29% - 30% - 13:39
3 - 23% - 25% - 11:08
4 - 15% - 12% - 6:57
Normal Defense
1 - 32% - 32% - 15:10
2 - 34% - 32% - 16:05
3 - 32% - 31% - 15:30
4 - 2% - 5% - 1:04
PP Forward
1 - 56% - 65% - 3:29
2 - 44% - 35% - 2:45
PP Defense
1 - 56% - 65% - 3:29
2 - 44% - 35% - 2:45
PK Forward
1 - 45% - 50% - 2:42
2 - 55% - 50% - 3:15
PK Defense
1 - 51% - 60% - 3:02
2 - 49% - 40% - 2:55
PK3 Forward
1 - 0% - 60%
2 - 0% - 40%
PK3 Defense
1 - 0% - 60%
2 - 0% - 40%
44 Forward
1 - 0% - 60%
2 - 0% - 40%
44 Defense
1 - 0% - 60%
2 - 0% - 40%
Last Minute Offensive  - 0:00
Last Minute Defensive  - 0:00
Total
Forward - 60:00
Defense - 60:00
% Time on Ice - NORTH DAKOTA HAWKS
Lines # - Real PCT - Wanted PCT - Time Play
Normal Forward
1 - 26% - 30% - 12:14
2 - 28% - 27% - 13:18
3 - 17% - 22% - 8:11
4 - 29% - 21% - 14:06
Normal Defense
1 - 37% - 36% - 17:37
2 - 30% - 33% - 14:19
3 - 28% - 20% - 13:28
4 - 5% - 11% - 2:25
PP Forward
1 - 62% - 65% - 3:40
2 - 38% - 35% - 2:17
PP Defense
1 - 65% - 65% - 3:52
2 - 35% - 35% - 2:05
PK Forward
1 - 91% - 55% - 5:39
2 - 9% - 45% - 0:35
PK Defense
1 - 78% - 55% - 4:53
2 - 22% - 45% - 1:21
PK3 Forward
1 - 0% - 55%
2 - 0% - 45%
PK3 Defense
1 - 0% - 55%
2 - 0% - 45%
44 Forward
1 - 0% - 55%
2 - 0% - 45%
44 Defense
1 - 0% - 55%
2 - 0% - 45%
Last Minute Offensive  - 0:00
Last Minute Defensive  - 0:00
Total
Forward - 60:00
Defense - 60:00
Play-by-Play 1st period 0:01 of 1st period - Brandon Sutter wins face-off versus Jonathan Toews in neutral zone. 0:01 of 1st period - Brandon Sutter is hit by Rasmus Ristolainen. 0:02 of 1st period - Brandon Sutter from NORTH DAKOTA HAWKS is injured at 0:02 of 1st period (Back Spasms). 0:03 of 1st period - Eric Staal wins face-off versus Ryan Carpenter in neutral zone. 0:05 of 1st period - Travis Konecny is hit by Johnny Boychuk and loses puck. 0:08 of 1st period - Shot by Rickard Rakell. 0:08 of 1st period - Stopped by Scott Darling with a rebound. 0:32 of 1st period - Off-side. 0:33 of 1st period - Derek Grant wins face-off versus Pavel Zacha in neutral zone. 1:10 of 1st period - Shot by Brendan Leipsic. 1:10 of 1st period - Stopped by Cam Ward without a rebound. 1:11 of 1st period - Jonathan Toews wins face-off versus Brendan Leipsic in PORTLAND PIRATES zone. 1:11 of 1st period - Gabriel Landeskog is hit by Kenny Agostino and loses puck. 1:26 of 1st period - Brendan Gallagher is hit by Rasmus Ristolainen and loses puck. 1:46 of 1st period - Brendan Leipsic is hit by Brett Pesce and loses puck. 1:58 of 1st period - Off-side. 1:59 of 1st period - Jason Dickinson wins face-off versus Michael Raffl in neutral zone. 2:18 of 1st period - Shot by Jason Dickinson. 2:18 of 1st period - Shot Misses the Net. 2:39 of 1st period - Shot by Jason Dickinson. 2:39 of 1st period - Shot Misses the Net. 2:48 of 1st period - Minor Penalty to Marc Staal for High sticking. 2:49 of 1st period - Jonathan Toews wins face-off versus Brendan Leipsic in NORTH DAKOTA HAWKS zone. 2:50 of 1st period - Shot by Gabriel Landeskog. 2:50 of 1st period - Stopped by Scott Darling with a rebound. 3:03 of 1st period - Shot by Gabriel Landeskog. 3:03 of 1st period - Shot Misses the Net. 3:21 of 1st period - Shot by Gabriel Landeskog. 3:21 of 1st period - Shot Blocked by Johnny Boychuk. 3:23 of 1st period - Shot by Gabriel Landeskog. 3:23 of 1st period - Shot Misses the Net. 3:25 of 1st period - Shot by Gabriel Landeskog. 3:25 of 1st period - Shot Misses the Net. 4:30 of 1st period - Shot by Eric Staal. 4:30 of 1st period - Stopped by Scott Darling with a rebound. 4:32 of 1st period - Shot by Brett Pesce. 4:32 of 1st period - Shot Misses the Net. 4:41 of 1st period - Shot by Brett Pesce. 4:41 of 1st period - Shot Blocked by Johnny Boychuk. 5:24 of 1st period - Shot by Alex Chiasson. 5:24 of 1st period - Shot Blocked by Brenden Dillon. 5:26 of 1st period - Shot by Travis Hamonic. 5:26 of 1st period - Stopped by Scott Darling with a rebound. 5:28 of 1st period - Shot by William Carrier. 5:28 of 1st period - Shot Blocked by Dougie Hamilton. 6:22 of 1st period - Matthew Nieto is hit by Gabriel Landeskog and loses puck. 6:35 of 1st period - Shot by Jonathan Toews. 6:35 of 1st period - Shot Blocked by Martin Marincin. 6:50 of 1st period - Gabriel Landeskog is hit by Marc Methot. 7:04 of 1st period - Icing by Ryan Carpenter. 7:05 of 1st period - Eric Staal wins face-off versus Ryan Carpenter in NORTH DAKOTA HAWKS zone. 7:05 of 1st period - Rickard Rakell is hit by Martin Marincin and loses puck. 7:12 of 1st period - Shot by Rickard Rakell. 7:12 of 1st period - Shot Blocked by Martin Marincin. 7:14 of 1st period - Shot by Rickard Rakell. 7:14 of 1st period - Stopped by Scott Darling without a rebound. 7:15 of 1st period - Eric Staal wins face-off versus Brendan Leipsic in NORTH DAKOTA HAWKS zone. 8:25 of 1st period - Shot by Gabriel Landeskog. 8:25 of 1st period - Shot Misses the Net. 8:27 of 1st period - Shot by Jonathan Toews. 8:27 of 1st period - Goal by Jonathan Toews - PORTLAND PIRATES : 1 - NORTH DAKOTA HAWKS : 0. 8:28 of 1st period - Pavel Zacha wins face-off versus Ryan Carpenter in neutral zone. 9:42 of 1st period - Shot by Gabriel Landeskog. 9:42 of 1st period - Shot Misses the Net. 9:47 of 1st period - Icing by Michael Raffl. 9:48 of 1st period - Rickard Rakell wins face-off versus Corey Perry in NORTH DAKOTA HAWKS zone. 10:12 of 1st period - Shot by Corey Perry. 10:12 of 1st period - Shot Misses the Net. 10:17 of 1st period - Eric Staal is hit by Brenden Dillon and loses puck. 10:23 of 1st period - Rickard Rakell is hit by Brenden Dillon and loses puck. 10:56 of 1st period - Marc Staal is hit by Jonathan Toews and loses puck. 11:03 of 1st period - Shot by Jonathan Toews. 11:03 of 1st period - Shot Misses the Net. 12:03 of 1st period - Shot by Pavel Zacha. 12:03 of 1st period - Stopped by Scott Darling without a rebound. 12:04 of 1st period - Ryan Carpenter wins face-off versus Jason Dickinson in NORTH DAKOTA HAWKS zone. 12:43 of 1st period - Off-side. 12:44 of 1st period - Derek Grant wins face-off versus Eric Staal in neutral zone. 12:50 of 1st period - Icing by Rasmus Ristolainen. 12:51 of 1st period - Eric Staal wins face-off versus Brendan Leipsic in PORTLAND PIRATES zone. 12:51 of 1st period - Eric Staal is hit by Kenny Agostino. 13:21 of 1st period - Shot by Eric Staal. 13:21 of 1st period - Deflect By Travis Konecny. 13:21 of 1st period - Shot Misses the Net. 13:57 of 1st period - Shot by Yanni Gourde. 13:57 of 1st period - Stopped by Scott Darling without a rebound. 13:58 of 1st period - Jonathan Toews wins face-off versus Ryan Carpenter in NORTH DAKOTA HAWKS zone. 14:09 of 1st period - Shot by Jonathan Toews. 14:09 of 1st period - Shot Misses the Net. 14:14 of 1st period - Icing by Dougie Hamilton. 14:15 of 1st period - Ryan Carpenter wins face-off versus Pavel Zacha in NORTH DAKOTA HAWKS zone. 14:34 of 1st period - Shot by Nic Dowd. 14:34 of 1st period - Shot Misses the Net. 14:37 of 1st period - Icing by Thomas Chabot. 14:38 of 1st period - Pavel Zacha wins face-off versus Michael Raffl in PORTLAND PIRATES zone. 14:38 of 1st period - Pavel Zacha is hit by Michael Raffl. 14:44 of 1st period - Lukas Radil is hit by Yanni Gourde and loses puck. 15:25 of 1st period - Icing by Marc Methot. 15:26 of 1st period - Michael Raffl wins face-off versus Jonathan Toews in NORTH DAKOTA HAWKS zone. 15:26 of 1st period - Michael Raffl is hit by Gabriel Landeskog. 16:28 of 1st period - Shot by Eric Staal. 16:28 of 1st period - Shot Misses the Net. 16:30 of 1st period - Shot by Rickard Rakell. 16:30 of 1st period - Stopped by Scott Darling without a rebound. 16:31 of 1st period - Nic Dowd wins face-off versus Jason Dickinson in NORTH DAKOTA HAWKS zone. 16:40 of 1st period - Shot by Brendan Gallagher. 16:40 of 1st period - Shot Blocked by Brian Dumoulin. 17:19 of 1st period - Icing by Travis Hamonic. 17:20 of 1st period - Lukas Radil wins face-off versus Jason Dickinson in PORTLAND PIRATES zone. 17:20 of 1st period - Corey Perry is hit by Brian Dumoulin and loses puck. 17:52 of 1st period - Minor Penalty to Martin Marincin for Hooking. 17:53 of 1st period - Mike Hoffman wins face-off versus Brendan Leipsic in NORTH DAKOTA HAWKS zone. 18:01 of 1st period - Off-side. 18:02 of 1st period - Jonathan Toews wins face-off versus Brendan Leipsic in neutral zone. 18:09 of 1st period - Shot by Gabriel Landeskog. 18:09 of 1st period - Goal by Gabriel Landeskog - PORTLAND PIRATES : 2 - NORTH DAKOTA HAWKS : 0. 18:10 of 1st period - Derek Grant wins face-off versus Eric Staal in neutral zone. 18:23 of 1st period - Shot by Derek Grant. 18:23 of 1st period - Stopped by Cam Ward without a rebound. 18:24 of 1st period - Jonathan Toews wins face-off versus Matthew Nieto in PORTLAND PIRATES zone. 18:56 of 1st period - Shot by Jonathan Toews. 18:56 of 1st period - Stopped by Scott Darling with a rebound. 18:58 of 1st period - Shot by Jonathan Toews. 18:58 of 1st period - Shot Misses the Net. 19:00 of 1st period - Shot by Brett Pesce. 19:00 of 1st period - Shot Misses the Net. 19:02 of 1st period - Shot by Brett Pesce. 19:02 of 1st period - Shot Hit the Post. Goals for this period are 2 for PORTLAND PIRATES vs 0 for NORTH DAKOTA HAWKS. Shots for this period are 11 for PORTLAND PIRATES vs 2 for NORTH DAKOTA HAWKS. 2nd period 0:01 of 2nd period - Derek Grant wins face-off versus Pavel Zacha in neutral zone. 0:01 of 2nd period - Johnny Boychuk is hit by Yanni Gourde and loses puck. 0:09 of 2nd period - Minor Penalty to Pavel Zacha for Roughing. 0:10 of 2nd period - Jason Dickinson wins face-off versus Brendan Leipsic in PORTLAND PIRATES zone. 0:50 of 2nd period - Shot by Brendan Gallagher. 0:50 of 2nd period - Shot Misses the Net. 1:32 of 2nd period - Eric Staal is hit by Zack Kassian and loses puck. 3:31 of 2nd period - Shot by Travis Konecny. 3:31 of 2nd period - Stopped by Scott Darling without a rebound. 3:32 of 2nd period - Ryan Carpenter wins face-off versus Pavel Zacha in NORTH DAKOTA HAWKS zone. 3:36 of